 Dungeon Crawl Stone Soup version 0.28.0-43-g3370ac3207 (webtiles) character file.

Game seed: 16000320828347474925

9611 demenzo the Basher (level 11, -20/115 HPs)
             Began as a Troll Berserker on Mar 8, 2022.
             Was an Initiate of Lugonu.
             Demolished by a two-headed ogre
             ... wielding a +0 giant club
             ... created by the rage of Trog
              (23 damage)
             ... on level 8 of the Dungeon.
             The game lasted 00:18:51 (8167 turns).

demenzo the Basher (Troll Berserker)                Turns: 8167, Time: 00:18:51

Health: -20/115    AC: 11    Str: 33    XL:     11   Next: 25%
Magic:  10/10      EV: 14    Int:  7    God:    Lugonu [......]
Gold:   420        SH:  0    Dex: 13    Spells: 10/10 levels left

rFire   . . .      SeeInvis .   a - +9 whip "Someypn" {protect, rN+}
rCold   . . .      Faith    .   (no shield)
rNeg    + . .      Spirit   .   J - +4 robe of Augmentation {Str+4 Int+4 Dex+4}
rPois   +          Reflect  .   (helmet restricted)
rElec   .          Harm     .   m - +2 cloak {rPois}
rCorr   .          Rampage  .   (gloves unavailable)
Will    +....      Rage     3%  (boots unavailable)
Stlth   +.........              (no amulet)
HPRegen 1.09/turn               k - +4 ring of evasion
MPRegen 0.12/turn               G - ring of willpower

@: on berserk cooldown, hasted, very quick
A: large, unfitting armour, claws 3, regeneration 1, shaggy fur 1, tough skin 1,
dopey 1, [berserk 2]
a: Renounce Religion


You were on level 8 of the Dungeon.
You worshipped Lugonu.
Lugonu was noncommittal.
You visited 1 branch of the dungeon, and saw 8 of its levels.
You visited the Abyss 1 time.
You also visited: Bailey.

You collected 420 gold pieces.

Inventory:

Hand Weapons
 a - the +9 whip "Someypn" (weapon) {protect, rN+}
   (You found it on level 5 of the Dungeon)

   It grants its wielder temporary protection when it strikes (+7 to AC).
   rN:        It protects you from negative energy.
 c - a +3 flail
 g - a +0 hunting sling
 u - a +0 giant club
 w - a +1 vorpal giant spiked club
 x - a +1 dagger of distortion
 y - a +0 hand crossbow
Missiles
 d - 324 stones (quivered)
 f - 18 poisoned darts
 l - 72 sling bullets
 p - 6 large rocks
 t - 2 throwing nets
 z - 38 bolts
Armour
 m - a +2 cloak of poison resistance (worn)
 J - the +4 robe of Augmentation (worn) {Str+4 Int+4 Dex+4}
   (You found it on level 7 of the Dungeon)

   Str:       It affects your strength (+4).
   Int:       It affects your intelligence (+4).
   Dex:       It affects your dexterity (+4).
Jewellery
 k - a +4 ring of evasion (left claw)
 D - a ring of resist corrosion
 F - a ring of ice
 G - a ring of willpower (right claw)
Wands
 j - a wand of iceblast (13)
 n - a wand of mindburst (11)
 I - a wand of flame (18)
Scrolls
 b - a scroll of magic mapping
 A - a scroll of amnesia
 E - a scroll of enchant armour
Potions
 e - 3 potions of curing
 h - 2 potions of cancellation
 i - 2 potions of flight
 o - a potion of resistance {unknown}
 q - 3 potions of lignification
 s - 5 potions of heal wounds
 v - 2 potions of mutation
 B - a potion of berserk rage
 H - a potion of might


   Skills:
 + Level 9.0 Fighting
 * Level 13.3 Maces & Flails
 - Level 3.0 Dodging


You had 10 spell levels left.
You didn't know any spells.
Your spell library was empty.

Dungeon Overview and Level Annotations

Branches:
Dungeon (8/15)             Temple (0/1) D:5          Bailey (visited)
   Lair: D:8-11

Altars:
Gozag
Hepliaklqana
Qazlal
Ru
Trog
Wu Jian
Zin
The Shining One

Shops:
D:1 =   D:5 (


Innate Abilities, Weirdness & Mutations

You are too large for most types of armour.
You have claws for hands.
Your natural rate of healing is unusually fast.
You are covered in fur. (AC +1)
You have tough skin. (AC +1)
You are dopey. (Int -2)
[You often lose your temper in combat.]


Message History

The black bear claws you but does no damage.
The black bear closely misses you.
The polar bear bites you but does no damage.
The polar bear claws you.
The polar bear claws you but does no damage.
The black bear rages.
The polar bear closely misses you.
The polar bear claws you but does no damage.
The polar bear completely misses you.
Unknown command.
Okay, then.
Unknown command.
The black bear rages.
The two-headed ogre hits you with a +0 giant club!!
The two-headed ogre closely misses you. The polar bear misses you.
The polar bear barely misses you.
The polar bear claws you but does no damage.
The black bear rages.
The two-headed ogre closely misses you.
The two-headed ogre hits you with a +0 giant club!!
* * * LOW HITPOINT WARNING * * *
2 wights come into view.
A wight comes into view. It is wielding a +3 trident.
A wight comes into view. It is wielding a +2 battleaxe.
The black bear rages.
You hear an angry growl.
The polar bear bites you.
* * * LOW HITPOINT WARNING * * *
The polar bear claws you.
* * * LOW HITPOINT WARNING * * *
The polar bear claws you but does no damage.
You feel yourself speed up.
The two-headed ogre hits you with a +0 giant club!!
* * * LOW HITPOINT WARNING * * *
The two-headed ogre closely misses you. The polar bear barely misses you.
The polar bear claws you but does no damage. x2
The black bear barely misses you.
The black bear claws you but does no damage. x2
The two-headed ogre hits you with a +0 giant club!!
You die...

#.#......# #........##. ...##
##))....... . .... #.......#.. #.
...## ........# #.####.... #
.........## #..##.z.. .#
[.........###......# .#
...........#.....z.#.#
<.......#.......@zz..#
.[..#####..##..hOh#### .....#
#........hh...############ .....#
##.........h..)())).......
##...####.......##...####...####.
##....##..#....###..##...()....#
..........##..## #..##.........#
#..........#...# ##.##.........#
..........###.## #.##.........#


You could see a two-headed ogre (berserk), 2 polar bears, 3 black bears and 4
wights.

Vanquished Creatures
  2 vault guards (Bailey)
  A two-headed ogre (D:7)
  A wretched star (Abyss:1)
  A cyclops (D:7)
  Psyche (D:8)
  A gargoyle (D:5)
  An orange demon (Abyss:1)
  Prince Ribbit (Bailey)
  Grinder (D:4)
  2 raiju (Abyss:1)
  Sigmund (D:4)
  12 yaks
  4 humans (Bailey)
  A steam dragon (D:8)
  A water moccasin (D:6)
  An orc warrior (Bailey)
  5 sky beasts
  3 ice beasts
  A necrophage (D:8)
  4 ogres
  2 centaurs
  A phantom (D:6)
  A kobold brigand (D:6)
  11 bullfrogs
  A gnoll sergeant (D:8)
  5 scorpions
  A water moccasin zombie (D:3)
  2 water moccasin skeletons
  5 wights
  A howler monkey (D:5)
  7 hounds
  2 jellies
  A centaur zombie (D:5)
  An orc priest (D:6)
  A small abomination (Abyss:1)
  A centaur skeleton (D:6)
  A gnoll shaman (D:8)
  A bullfrog skeleton (D:5)
  3 iguanas
  3 orc wizards
  16 gnolls
  9 adders
  A shadow imp (D:5)
  3 white imps
  An ufetubus (D:5)
  3 adder skeletons
  4 worms
  3 dart slugs
  14 orcs
  4 ball pythons
  5 endoplasms
  2 giant cockroaches
  12 goblins
  12 hobgoblins
  6 jackals
  15 kobolds
  6 quokkas
  A bat (D:1)
  2 frilled lizards
  7 rats
222 creatures vanquished.

Notes
Turn   | Place    | Note
-------+----------+-------------------------------------------
     0 | D:1      | demenzo the Troll Berserker began the quest for the Orb.
     0 | D:1      | Reached XP level 1. HP: 22/22 MP: 0/0
   146 | D:1      | Found a faded altar of an unknown god.
   151 | D:1      | Reached skill level 3 in Maces & Flails
   151 | D:1      | Reached XP level 2. HP: 29/29 MP: 1/1
   407 | D:1      | Found Cukileb's Jewellery Shoppe.
   656 | D:1      | Reached ** piety under Trog
   741 | D:2      | Reached XP level 3. HP: 36/36 MP: 2/2
  1197 | D:2      | Reached XP level 4. HP: 44/44 MP: 3/3
  1324 | D:2      | Reached skill level 4 in Maces & Flails
  2230 | D:3      | Reached XP level 5. HP: 52/53 MP: 4/4
  2763 | D:4      | Noticed Grinder
  2775 | D:4      | Reached skill level 5 in Maces & Flails
  2779 | D:4      | Reached XP level 6. HP: 61/61 MP: 5/5
  2784 | D:4      | Killed Grinder
  2802 | D:4      | Noticed Sigmund
  2946 | D:4      | Reached XP level 7. HP: 70/70 MP: 6/6
  2951 | D:4      | Reached skill level 6 in Maces & Flails
  3734 | D:4      | Killed Sigmund
  3735 | D:4      | Reached skill level 7 in Maces & Flails
  3776 | D:4      | Found a sacrificial altar of Ru.
  3899 | D:5      | Entered Level 5 of the Dungeon
  3912 | D:5      | Identified the +9 whip "Someypn" {protect, rN+}
  3960 | D:5      | Found a staircase to the Ecumenical Temple.
  4031 | D:5      | Reached XP level 8. HP: 75/79 MP: 7/7
  4036 | D:5      | Reached skill level 5 in Fighting
  4051 | D:5      | Noticed a gargoyle
  4069 | D:5      | Killed a gargoyle
  4070 | D:5      | Reached skill level 8 in Maces & Flails
  4387 | D:5      | Reached *** piety under Trog
  4417 | D:5      | Found an ornate altar of the Wu Jian Council.
  4471 | D:5      | Reached skill level 9 in Maces & Flails
  4482 | D:5      | Reached XP level 9. HP: 89/89 MP: 8/8
  4655 | D:5      | Found Paotif's Weapon Emporium.
  4739 | D:5      | Reached skill level 10 in Maces & Flails
  5563 | D:6      | Found a hazy altar of Hepliaklqana.
  5570 | D:6      | Reached skill level 11 in Maces & Flails
  5571 | D:6      | Found a glowing silver altar of Zin.
  5581 | D:6      | Found a stormy altar of Qazlal.
  5584 | D:6      | Found a glowing golden altar of the Shining One.
  5586 | D:6      | Found a bloodstained altar of Trog.
  5597 | D:6      | Reached XP level 10. HP: 102/102 MP: 9/9
  5648 | D:6      | Found an opulent altar of Gozag.
  5971 | D:7      | Noticed a cyclops
  5982 | D:7      | Killed a cyclops
  6094 | D:7      | Found the +4 robe of Augmentation {Str+4 Int+4 Dex+4}
  6572 | D:8      | Found a flagged portal.
  6625 | Bailey   | Entered a bailey
  6661 | Bailey   | Reached skill level 12 in Maces & Flails
  6698 | Bailey   | Reached **** piety under Trog
  6735 | Bailey   | Noticed Prince Ribbit
  6735 | Bailey   | Noticed a vault guard
  6742 | Bailey   | Killed Prince Ribbit
  6755 | Bailey   | Killed a vault guard
  6799 | Bailey   | Noticed a vault guard
  6828 | Bailey   | Killed a vault guard
  6829 | Bailey   | Reached XP level 11. HP: 113/113 MP: 10/10
  7068 | D:8      | Reached skill level 13 in Maces & Flails
  7213 | D:8      | Noticed a two-headed ogre
  7215 | D:8      | Noticed Psyche
  7234 | D:7      | Killed a two-headed ogre
  7478 | D:8      | Cast into level 1 of the Abyss (Psyche)
  7497 | Abyss:1  | Gained mutation: You are dopey. (Int -2) [a neqoxec]
  7590 | Abyss:1  | Noticed a great orb of eyes
  7631 | Abyss:1  | Noticed a thrashing horror
  7639 | Abyss:1  | Noticed a starcursed mass
  7640 | Abyss:1  | Noticed a starcursed mass
  7650 | Abyss:1  | Noticed a starcursed mass
  7693 | Abyss:1  | Noticed a wretched star
  7712 | Abyss:1  | Killed a wretched star
  7957 | Abyss:1  | Noticed a spatial maelstrom
  7965 | Abyss:1  | Noticed a starcursed mass
  7966 | Abyss:1  | Noticed a glowing orange brain
  7975 | Abyss:2  | Found a corrupted altar of Lugonu.
  7988 | Abyss:2  | Fell from the grace of Trog
  7988 | Abyss:2  | Became a worshipper of Lugonu the Unformed
  7988 | Abyss:2  | Reached * piety under Lugonu
  7990 | D:8      | Escaped the Abyss
  7997 | D:8      | Killed Psyche
  8095 | D:8      | Paralysed by a centaur for 4 turns
  8161 | D:8      | Noticed a two-headed ogre
  8167 | D:8      | HP: 3/115 [two-headed ogre/+0 giant club[the rage of Trog]
                  | (18)]
  8167 | D:8      | Demolished by a two-headed ogre

Illustrated notes

Levels and vault maps discovered:
D:1:      dpeg_arrival_snail, layout_loops_ring,
          hellmonk_ecumenical_altar_arch_garden, serial_shops, shop
D:2:      layout_basic, minmay_misc_feat_cross
D:3:      layout_basic
D:4:      layout_basic, nicolae_ru_sacrificial_ziggurat, uniq_grinder,
          uniq_sigmund
D:5:      cheibrodos_barr_body, layout_gridville, mainiacjoe_overflow_24_doors,
          minmay_temple_entry_from_below_a, serial_shops,
          nicolae_lakefront_shop, minmay_hedge_maze
D:6:      layout_basic, nicolae_overflow_hallway_of_the_gods
D:7:      layout_rooms
D:8:      statuecave_lemuel, layout_cave_pools, enter_bailey_3,
          serial_gnoll_camp, gnoll_camp_mini_hut, gnoll_camp_medium_02,
          gnoll_camp_mini_hut, gnoll_camp_huts_basic, gnoll_camp_mini_house,
          uniq_psyche

Skill      XL: |  1  2  3  4  5  6  7  8  9 10 11 |
---------------+----------------------------------+-----
Maces & Flails | 3 4 5 7 9 11 12 13 | 13.3
Fighting       | 3 4 6 7 8 9 |  9.0
Dodging        | 3 |  3.0

Action                   |  1- 3 |  4- 6 |  7- 9 | 10-12 || total
-------------------------+-------+-------+-------+-------++-------
Melee: Mace              |    11 |       |       |       ||    11
       Short sword       |    64 |    12 |       |       ||    76
       Punch             |     1 |     1 |     4 |     1 ||     7
       Flail             |       |   111 |    42 |       ||   153
       Whip              |       |       |   220 |   303 ||   523
       Unarmed           |       |       |       |     5 ||     5
Invok: Berserk           |     3 |     5 |     8 |     9 ||    25
       Trog's Hand       |       |     1 |     1 |     5 ||     7
       Brothers in Arms  |       |       |       |     1 ||     1
       Depart the Abyss  |       |       |       |     1 ||     1
Evoke: Wand              |       |       |       |    12 ||    12
  Use: Scroll            |       |     2 |     3 |    15 ||    20
       Potion            |       |     1 |       |     1 ||     2
 Stab: Sleeping          |       |       |       |     3 ||     3
Armor: Animal skin       |    26 |    54 |    65 |    12 ||   157
       Robe              |       |       |       |    93 ||    93
       Skin              |       |       |       |     4 ||     4
Dodge: Dodged            |    50 |    71 |   112 |   155 ||   388
